 Dungeon Crawl Stone Soup version 0.23-a0-4-g8f018a2 (webtiles) character file.

137 qdestroyer the Skirmisher (level 5, -1/47 HPs)
             Began as a Minotaur Fighter on July 31, 2018.
             Succumbed to a worker ant's poison
             ... on level 4 of the Dungeon.
             The game lasted 00:03:34 (1929 turns).

qdestroyer the Skirmisher (Minotaur Fighter)        Turns: 1929, Time: 00:03:35

Health: -1/47      AC:  7    Str: 21    XL:     5   Next: 0%
Magic:  4/4        EV:  7    Int:  5    God:
Gold:   93         SH:  9    Dex: 10    Spells: 4/4 levels left

rFire    . . .     SeeInvis .   a - +0 trident
rCold    . . .     Gourm    .   c - +0 shield
rNeg     . . .     Faith    .   b - +0 scale mail
rPois    .         Spirit   .   (helmet restricted)
rElec    .         Reflect  .   (no cloak)
rCorr    .         Harm     .   (no gloves)
MR       .....                  (no boots)
Stlth    ..........             (no amulet)
HPRegen  0.15/turn              (no ring)
MPRegen  0.09/turn              (no ring)

@: lethally poisoned (-1 -> -26)
A: retaliatory headbutt, horns 2
a: no special abilities


You were on level 4 of the Dungeon.
You were not hungry.

You visited 1 branch of the dungeon, and saw 4 of its levels.

You collected 93 gold pieces.

Inventory:

Hand Weapons
 a - a +0 trident (weapon)
Armour
 b - a +0 scale mail (worn)
 c - a +0 shield (worn)
Jewellery
 m - an uncursed ring of stealth {unknown}
 n - an uncursed ring of protection from magic {unknown}
Scrolls
 e - a scroll of blinking {unknown}
 g - a scroll of remove curse {unknown}
 j - 2 scrolls of identify {unknown}
 o - a scroll of fear {unknown}
 p - a scroll of fog {unknown}
Potions
 d - a potion of might
 h - a potion of degeneration {unknown}
 i - 2 potions of berserk rage {unknown}
 k - 2 potions of agility {unknown}
 l - 3 potions of curing {unknown}
Comestibles
 f - a ration


   Skills:
 + Level 4.6 Fighting
 + Level 4.0 Polearms
 + Level 4.4 Armour
 + Level 0.4 Dodging
 + Level 0.1 Stealth
 + Level 4.5 Shields


You had 4 spell levels left.
You didn't know any spells.
Your spell library contained the following spells:

 Spells                   Type           Power        Failure   Level  Hunger
 Sublimation of Blood     Necr           #.........   100%        2    ###....


Dungeon Overview and Level Annotations

Branches:
Dungeon (4/15)
 Temple: D:4-7

Altars:


Innate Abilities, Weirdness & Mutations

You reflexively headbutt those who attack you in melee.
You have a pair of horns on your head.


Message History

* * * LOW HITPOINT WARNING * * *
You feel very sick.
The worker ant bites you but does no damage.
You hit the worker ant but do no damage.
The worker ant is severely wounded.
* * * LOW HITPOINT WARNING * * *
You feel sick. The worker ant bites you.
* * * LOW HITPOINT WARNING * * *
You are more poisoned.
The worker ant poisons you!
You hit the worker ant.
You kill the worker ant!
Your Polearms skill increases to level 4!
You have reached level 5!
* * * LOW HITPOINT WARNING * * *
You feel very sick.
* * * LOW HITPOINT WARNING * * *
You feel sick.
You see here a worker ant corpse.
You die...

........
.......
#.....#
#.....#
#.....# .
#.#.#.#####...
#.............
#....†@......#
#.#.#.######.#
#^#.# #.#.#
#.#.# $...#
..... ..###
...#


There were no monsters in sight!

Vanquished Creatures
  Jessica (D:2)
  2 worker ants (D:4)
  2 adders
  A worm (D:2)
  A dart slug (D:3)
  A leopard gecko (D:2)
  An orc (D:2)
  3 giant cockroaches
  4 goblins
  7 hobgoblins
  2 kobolds
  2 quokkas (D:2)
  A ball python (D:2)
  4 bats
  A frilled lizard (D:1)
  6 rats
39 creatures vanquished.

Notes
Turn   | Place    | Note
-------+----------+-------------------------------------------
     0 | D:1      | qdestroyer the Minotaur Fighter began the quest for the Orb.
     0 | D:1      | Reached XP level 1. HP: 19/19 MP: 0/0
   633 | D:1      | Reached XP level 2. HP: 27/27 MP: 1/1
   940 | D:2      | Noticed Jessica
   946 | D:2      | Killed Jessica
   946 | D:2      | Reached XP level 3. HP: 27/33 MP: 2/2
   956 | D:2      | Identified Jessica's Handbook of the Gastropod
  1447 | D:2      | Reached XP level 4. HP: 30/40 MP: 3/3
  1927 | D:4      | Reached XP level 5. HP: 6/47 MP: 4/4
  1928 | D:4      | HP: 1/47 [poisoned by a worker ant]
  1929 | D:4      | Succumbed to a worker ant's poison

Vault maps used:
D:1:      dpeg_arrival_chase, kennysheep_pointless_box
D:2:      kennysheep_jessica_study
D:3:      uniq_grinder
D:4:      first_ration, uniq_sigmund

Skill      XL: |  1  2  3  4 |
---------------+-------------+-----
Fighting       | 4 |  4.6
Polearms       | 3 4 |  4.0
Armour         | 4 |  4.4
Shields        | 4 |  4.5
Dodging        | |  0.4
Stealth        | |  0.1

Action                   |  1- 3 |  4- 6 || total
-------------------------+-------+-------++-------
Melee: Trident           |    83 |    37 ||   120
       Headbutt          |    10 |     3 ||    13
  Eat: Ration            |     1 |       ||     1
Armor: Scale mail        |    28 |    15 ||    43
Dodge: Dodged            |    12 |     5 ||    17
Block: Shield            |    29 |    15 ||    44

Table legend:
 A = Spawn XP
 B = Non-spawn XP
 C = Spawn XP percentage of total XP
 D = Spawn monster count
 E = Non-spawn monster count
 F = Spawn count percentage of total count
 G = Total turns spent on level
                    A         B        C        D         E        F      G
               +---------+---------+-------+---------+---------+-------+---------
         Total |       0 |     197 |   0.0 |       0 |      39 |   0.0 |  1929
               +---------+---------+-------+---------+---------+-------+---------
           D:1 |       0 |      18 |   0.0 |       0 |      11 |   0.0 |   891
           D:2 |       0 |      88 |   0.0 |       0 |      22 |   0.0 |   870
           D:3 |       0 |      21 |   0.0 |       0 |       4 |   0.0 |   148
           D:4 |       0 |      70 |   0.0 |       0 |       2 |   0.0 |    20
               +---------+---------+-------+---------+---------+-------+---------
